 Dungeon Crawl Stone Soup version 0.25-a0-413-g3b4b6a4ccc (webtiles) character file.

Game seed: 6323023958641362194, levelgen mode: deterministic

40 Alfie the Shooter (level 3, -1/27 HPs)
             Began as a Human Hunter on Jan 17, 2020.
             Slain by an adder (5 damage)
             ... on level 2 of the Dungeon.
             The game lasted 00:03:04 (422 turns).

Alfie the Shooter (Human Hunter)                     Turns: 422, Time: 00:03:04

Health: -1/27      AC:  3    Str: 10 (13) XL:     3   Next: 72%
Magic:  3/3        EV: 12    Int:  9 (11) God:
Gold:   92         SH:  0    Dex: 11 (13) Spells: 2/2 levels left

rFire    + . .     SeeInvis .   a - +1 shortbow
rCold    + . .     Gourm    .   (shield currently unavailable)
rNeg     . . .     Faith    .   c - +0 leather armour
rPois    +         Spirit   .   (no helmet)
rElec    +         Reflect  .   (no cloak)
rCorr    +         Harm     .   (no gloves)
MR       .....                  (no boots)
Stlth    +.........             (no amulet)
HPRegen  0.09/turn              (no ring)
MPRegen  0.08/turn              (no ring)

@: lethally poisoned (-1 -> -8), resistant
A: no striking features
a: no special abilities


You were on level 2 of the Dungeon.
You were not hungry.

You visited 1 branch of the dungeon, and saw 2 of its levels.

You collected 92 gold pieces.

Inventory:

Hand Weapons
 a - a +1 shortbow (weapon)
 b - a +0 short sword
Missiles
 d - 23 arrows (quivered)
Armour
 c - a +0 leather armour (worn)
Scrolls
 i - a scroll of identify {unknown}
Comestibles
 f - a ration


   Skills:
 + Level 2.3 Fighting
 + Level 4.9 Bows
 + Level 0.4 Armour
 + Level 2.1 Dodging
 + Level 1.0 Stealth


You had 2 spell levels left.
You didn't know any spells.
Your spell library was empty.

Dungeon Overview and Level Annotations

Branches:
Dungeon (1/15)

Altars:
Fedhas


Message History

It was a potion of magic.
Magic courses through your body. The adder closely misses you.
It was a potion of degeneration.
There was something very wrong with that liquid.
You feel weakened.
You feel dopey.
You feel clumsy.
* * * LOW HITPOINT WARNING * * *
You feel sick. The adder barely misses you. x2
It was a potion of resistance.
You feel protected.
* * * LOW HITPOINT WARNING * * *
You feel sick. The adder bites you.
* * * LOW HITPOINT WARNING * * *
Firing (i - inventory)
d - 24 arrows (quivered)
Press: ? - help, Shift-Dir - straight line, f/p - worm
Aim: a worm (heavily wounded)
You shoot an arrow.
The arrow hits the adder but does no damage.
The adder is almost dead.
The adder bites you.
You die...

##########.# ##..........#
....#)# ......# ##...## #.
#...###.# #.#
#.......####.####
#...######......# #...#
####.#.##@#
#...###.......#S# ###
##..........#..#w#### ....
......).....#...(...#.....
...............#....(.....
.................†((#.....
##....†..........#....P.P.
#...###.......###....._..
#...# ###......##....P.P.


You could see a worm and an adder.

Vanquished Creatures
  An adder (D:2)
  3 dart slugs
  A ball python (D:1)
  4 bats
  3 giant cockroaches
  3 goblins
  5 hobgoblins
  3 frilled lizards
  2 rats (D:1)
25 creatures vanquished.

Notes
Turn   | Place    | Note
-------+----------+-------------------------------------------
     0 | D:1      | Alfie the Human Hunter began the quest for the Orb.
     0 | D:1      | Reached XP level 1. HP: 16/16 MP: 1/1
    37 | D:1      | Reached XP level 2. HP: 22/22 MP: 2/2
   239 | D:1      | Reached XP level 3. HP: 27/27 MP: 3/3
   301 | D:1      | You fall into a shaft and drop 1 floor!
   395 | D:2      | Found a blossoming altar of Fedhas.
   422 | D:2      | Slain by an adder

Levels and vault maps discovered:
D:1:      dpeg_arrival_tiny_h, layout_rooms
D:2:      layout_loops_cross, first_ration, fedhas_altar_1, uniq_terence

Action                   || total
-------------------------++-------
 Fire: Shortbow          ||    76
  Use: Potion            ||     3
Armor: Leather armour    ||    12
Dodge: Dodged            ||    33

Table legend:
 A = Non-vault XP
 B = Vault XP
 C = Vault XP percentage of total XP
 D = Non-vault monster count
 E = Vault monster count
 F = Vault count percentage of total count
                 A         B        C        D         E       F
            +---------+---------+-------+---------+---------+-------
      Total |      58 |       0 |   0.0 |      25 |       0 |   0.0
            +---------+---------+-------+---------+---------+-------
        D:1 |      32 |       0 |   0.0 |      17 |       0 |   0.0
        D:2 |      26 |       0 |   0.0 |       8 |       0 |   0.0
            +---------+---------+-------+---------+---------+-------
